[Event "Late-Titled-Tuesday-Blitz-September-05-2023"]
[Site "Chess.com"]
[Date "2023.09.05"]
[Round "1"]
[White "fitod"]
[Black "Attacker_2006"]
[Result "0-1"]
[WhiteElo "2269"]
[BlackElo "2576"]
[TimeControl "180+1"]
[EndTime "14:08:56 PDT"]
[Termination "Attacker_2006 won by checkmate"]

1. e4 d6 2. d4 Nf6 3. Nc3 e5 4. dxe5 dxe5 5. Qxd8+ Kxd8 6. f4 Bb4 7. Bd3 Nbd7 8. Ne2 c6 9. a3 Bxc3+ 10. Nxc3 Re8 11.
O-O a5 12. f5 Kc7 13. Be3 b6 14. h3 Ba6 15. g4 Bxd3 16. cxd3 Ng8 17. Kf2 f6 18. Rac1 Kb7 19. Rc2 Ne7 20. Rfc1 Rac8 21. Ne2 Rc7 22. b4 axb4 23. axb4 Ra8 24. Nc3 Ra3 25.
Ke2 Rc8 26. h4 h6 27. g5 hxg5 28. hxg5 Rb3 29. Rb1 Rxb1 30. Nxb1 Rh8 31. Nd2 Rh2+ 32.
Kf3 Rh3+ 33. Kf2 g6 34. fxg6 Nxg6 35. Nf3 fxg5 36. Bxg5 Ndf8 37. Kg2 Rh5 38. Be3 Ne6 39. Kg3 Ngf4 40. d4 Rh3+ 41. Kg4 Rh8 42. Nxe5 Rg8+ 43. Kf3 Rf8 44. Bxf4 Nxd4+ 45. Kg4 Nxc2 46. Nd3 Rd8 47.
Ne5 Nxb4 48. Nf7 Rg8+ 49. Kf5 Nd3 50. Bd6 c5 51. e5 c4 52. Ke4 Rg4+ 53. Ke3 Rg6 54.
Kd4 b5 55. Nd8+ Kc8 56. Nf7 Kd7 57. Ba3 Rg4+ 58. Kc3 Ke6 59. Nd6 Kxe5 60. Nxb5 Kd5 61. Nc7+ Kc6 62. Ne6 Ne5 63. Nd4+ Kd5 64. Ne2 Re4 65. Nc1 Re3+ 66. Kb2 c3+ 67. Kc2 Kc4 68. Bd6 Nc6 69. Bf4 Nd4+ 70. Kd1 Rf3 71. Ne2 Rf1# 0-1

[Event "Late-Titled-Tuesday-Blitz-September-05-2023"]
[Site "Chess.com"]
[Date "2023.09.05"]
[Round "1"]
[White "Pawnpusherschessaccademy"]
[Black "zeitnot2006"]
[Result "1-0"]
[WhiteElo "2431"]
[BlackElo "2754"]
[TimeControl "180+1"]
[EndTime "14:09:02 PDT"]
[Termination "Pawnpusherschessaccademy won by checkmate"]

1. e4 c5 2. Nf3 a6 3. c3 d5 4. exd5 Qxd5 5. Na3 b5 6. d4 e6 7.
Nc2 Bb7 8. Be3 Nd7 9. a4 Qc6 10. Be2 Ngf6 11. O-O Be7 12. dxc5 bxa4 13. Ncd4 Qc7 14.
c6 Bxc6 15. Nxc6 Qxc6 16. Qxa4 Qb7 17. Nd4 Nd5 18. Bf3 Qc8 19. Bxd5 exd5 20. Qc6 Qxc6 21. Nxc6 Bd6 22. Rfd1 Nf6 23. Bd4 Kd7 24. Bxf6 gxf6 25. Nd4 Rhb8 26. Rd2 Bf4 27. Re2 Be5 28. Rd1 Re8 29. Kf1 Rab8 30. Nf3 Kc6 31. g3 a5 32. Ra1 Bc7 33. Rxe8 Rxe8 34. Nd4+ Kc5 35. Rd1 Rb8 36. Rd2 a4 37. Ke1 Be5 38. Nf3 Kc4 39. Kd1 Rb7 40. Kc2 h5 41. h4 Kc5 42. Re2 Kd6 43.
Nd2 Rb8 44. f4 Rg8 45. fxe5+ fxe5 46. Re3 f5 47. Nf3 Re8 48. Ng5 e4 49. Nh3 Rh8 50. Nf4 Kc6 51. Re1 Rh7 52. Rd1 Rg7 53. Nxh5 Rg4 54. Rd4 Kc5 55. Rxa4 Rg8 56. Rd4 Rg6 57.
b4+ Kc6 58. Kd2 Rg8 59. Ke3 Ra8 60. Nf4 Ra3 61. Nxd5 Ra1 62. Kf4 Rf1+ 63. Ke5 e3 64.
Nxe3 Rf3 65. Nxf5 Rxc3 66. Rf4 Kb5 67. h5 Rc8 68. h6 Re8+ 69. Kf6 Rh8 70. Kg6 Re8 71.
h7 Re6+ 72. Kg7 Re8 73. h8=Q Rxh8 74. Kxh8 Kc6 75. Rd4 Kb5 76. Kg7 Ka4 77. Kf6 Kb5 78. Ke5 Ka6 79. g4 Kb7 80. b5 Ka7 81. Rd6 Kb8 82. Kd5 Kb7 83. Kc5 Kc7 84. Rh6 Kc8 85.
Rh7 Kd8 86. Kc6 Ke8 87. Nd6+ Kf8 88. g5 Kg8 89. Rf7 Kh8 90. b6 Kg8 91. b7 Kh8 92.
b8=Q# 1-0

[Event "Late-Titled-Tuesday-Blitz-September-05-2023"]
[Site "Chess.com"]
[Date "2023.09.05"]
[Round "1"]
[White "MikeSailer"]
[Black "Alohamora11"]
[Result "0-1"]
[WhiteElo "2167"]
[BlackElo "2535"]
[TimeControl "180+1"]
[EndTime "14:09:04 PDT"]
[Termination "Alohamora11 won by resignation"]

1. d4 Nf6 2. Nc3 c5 3. d5 e6 4.
e4 exd5 5. exd5 g6 6. Nf3 Bg7 7. Bg5 O-O 8. Be2 d6 9. h3 a6 10. a4 Re8 11. O-O h6 12. Bf4 Ne4 13. Nxe4 Rxe4 14.
Bc1 Nd7 15. c3 Rb8 16. Bd3 Re8 17. a5 Kh7 18. Bf4 Ne5 19. Nxe5 Bxe5 20. Bxe5 Rxe5 21.
c4 Qh4 22. Qf3 Bf5 23. Rfe1 Rbe8 24. Rxe5 Rxe5 25. Bxf5 Rxf5 26. Qe2 Re5 27. Qd3 Qe4 28. Rd1 Qe2 29. b3 Qxd3 30. Rxd3 Re1+ 31. Kh2 Ra1 32. Re3 Kg7 33. Re7 Rxa5 34. Rxb7 Kf6 35. Rd7 Ke5 36. Rxf7 Ra3 37. Re7+ Kd4 38. Re6 Rxb3 39. Rxd6 Kxc4 40.
Rxa6 Kxd5 41. Rxg6 c4 42. Rxh6 c3 43. Rh8 Rb5 44.
Rd8+ Kc4 45. Rd1 c2 46. Rc1 Kd3 47. h4 Kd2 48. Rxc2+ Kxc2 49. g4 Kd3 50. Kg3 Ke4 51. h5 Ke5 52. f4+ Kf6 53. Kh4 Rc5 54. h6 Kg6 55. g5 Rc1 56. Kg4 Rg1+ 57. Kf3 Rh1 58. Kg4 Rg1+ 59. Kf3 Kf5 60. Ke3 Re1+ 61. Kf3 Rh1 62. Kg3 Rh5 63. Kf3 Rh3+ 64. Kg2 Ra3 65. h7 Ra8 66. Kg3 Kg6 67. Kg4 Kxh7 68. Kh5 Ra5 69.
Kg4 Kg6 70. f5+ Rxf5 0-1

[Event "Late-Titled-Tuesday-Blitz-September-05-2023"]
[Site "Chess.com"]
[Date "2023.09.05"]
[Round "1"]
[White "JiiHart"]
[Black "zajka-molotok"]
[Result "0-1"]
[WhiteElo "2114"]
[BlackElo "2526"]
[TimeControl "180+1"]
[EndTime "14:09:08 PDT"]
[Termination "zajka-molotok won by checkmate"]

1. e4 c5 2. c3 d5 3. exd5 Qxd5 4. d4 Nc6 5. Nf3 Bg4 6. Be2 e6 7. Na3 Nf6 8. O-O Be7 9. Be3 cxd4 10. Nb5 Qd7 11. Nbxd4 Nxd4 12. Nxd4 Bxe2 13. Qxe2 O-O 14. Rfd1 Qc7 15. a4 a6 16. h3 Nd5 17. a5 Bf6 18.
Nf3 Nxe3 19. Qxe3 Rfd8 20. Qb6 Qxb6 21. axb6 Kf8 22. Kf1 Ke8 23. Rd2 Rxd2 24. Nxd2 Rc8 25. Ra4 Rc6 26. Nc4 Bd8 27. Rb4 Be7 28. Ra4 Bc5 29. Ke2 Bxb6 30. Rb4 Bd8 31. Ne5 Rc7 32. f4 f6 33. Nc4 b5 34. Nd6+ Kd7 35. Rd4 Kc6 36.
c4 Be7 37. cxb5+ axb5 38. Ne4 Rd7 39. Rxd7 Kxd7 40. Kd3 Kc6 41. g4 Bd6 42. f5 exf5 43. gxf5 Be5 44. b3 Kd5 45. Nf2 Bd6 46. Ne4 Ke5 47.
Ke3 Bf8 48. Ng3 Kd5 49. Kd3 Kc5 50. Kc3 Kd5 51. Kd3 Bd6 52. Ne4 Be5 53. Nf2 Kc5 54. Ng4 Kb4 55. Kc2 Ka3 56. Ne3 Kb4 57. Nd5+ Kc5 58. Ne3 Kd4 59. Kd2 Bf4 60. Ke2 Bxe3 61. Kf3 Kd3 62. Kg4 b4 63. Kf3 Bd4 64. Kg4 Kc3 65. Kf3 Kxb3 66. Ke4 Kc4 67. Kf3 b3 68. Ke4 g6 69. fxg6 hxg6 70. h4 b2 71. h5 gxh5 72. Kf3 b1=Q 73. Ke2 Qe4+ 74. Kd2 Qg2+ 75. Ke1 Kd3 76. Kd1 Qf1# 0-1

[Event "Late-Titled-Tuesday-Blitz-September-05-2023"]
[Site "Chess.com"]
[Date "2023.09.05"]
[Round "1"]
[White "olakenn"]
[Black "HalfIsCrayfish"]
[Result "1/2-1/2"]
[WhiteElo "1847"]
[BlackElo "2501"]
[TimeControl "180+1"]
[EndTime "14:09:32 PDT"]
[Termination "Game drawn - insufficient material"]

1. e4 Nc6 2. d4 d5 3. exd5 Qxd5 4. Nf3 Bg4 5. Be2 e5 6. dxe5 Bxf3 7. Bxf3 Qxe5+ 8. Qe2 Qxe2+ 9. Bxe2 Bd6 10. c3 Nge7 11. O-O O-O-O 12. Nd2 Rhe8 13. Nc4 Bc5 14. Bf3 Kb8 15. Be3 Bxe3 16. Nxe3 Rd2 17. b4 Red8 18. Rfd1 Ne5 19. Be4 a6 20. a4 g6 21. f4 N5c6 22. b5 axb5 23. axb5 Rxd1+ 24. Rxd1 Rxd1+ 25. Nxd1 Na7 26. c4 b6 27. Ne3 Nac8 28. f5 Nd6 29. fxg6 Nxe4 30.
gxh7 Ng6 31. h4 Nf6 32. g3 Nxh7 33. Kf2 Ne5 34. g4 Kc8 35. Kg3 Kd7 36. Kf4 f6 37. g5 Nd3+ 38. Kf5 fxg5 39. hxg5 Nf8 40. g6 Ne6 41. Kf6 Ndf4 42. Nf5 Nh5+ 43. Kf7 Ng5+ 44. Kf8 Ke6 45. g7 Nh7+ 46. Ke8 Kxf5 47. Kd8 Nxg7 48. Kxc7 Ke6 49. Kxb6 Kd7 50. c5 Kc8 51. c6 Ne6 52.
Ka5 Nd8 53. b6 Nxc6+ 54. Kb5 Kb7 55. Kc5 Nf8 56. Kd6 Ng6 57. Ke6 Nf4+ 58. Kf5 Nd3 59. Kg4 Nc5 60. Kh3 Ka6 61. Kg2 Nb7 62. Kh1 Kb5 63. Kg1 Kc5 64. Kh1 Kd4 65. Kg1 Ke3 66. Kh1 Nd4 67. Kh2 Kf3 68. Kh3 Nf5 69. Kh2 Kf2 70. Kh3 Kf3 71. Kh2 Kf4 72. Kg2 Ng3 73. Kf2 Nf5 74. Ke2 Ke4 75. Kd2 Kd4 76. Ke2 Ne3 77. Kf3 Kd3 78. Kf4 Kd4 79. Kg5 Nd5 80.
Kf5 Kc5 81. Ke4 Kd6 82. Kf5 Kc5 83. Ke4 Kc4 84. Kf5 Nb4 85. Ke4 Kc5 86. Ke3 Nd5+ 87. Kd3 Kd6 88. Kd4 Ke6 89. Kc4 Ke5 90. Kb5 Kd4 91. Kc6 Na5+ 92. Kd7 Nb7 93. Kc6 Na5+ 94. Kd7 Nf6+ 95. Kc7 Kc5 96. b7 Nd5+ 97. Kc8 Ne7+ 98. Kd7 Nec6 99. b8=Q Nxb8+ 1/2-1/2

[Event "Late-Titled-Tuesday-Blitz-September-05-2023"]
[Site "Chess.com"]
[Date "2023.09.05"]
[Round "1"]
[White "MeisterJabo"]
[Black "JackRodgers"]
[Result "0-1"]
[WhiteElo "2304"]
[BlackElo "2603"]
[TimeControl "180+1"]
[EndTime "14:09:36 PDT"]
[Termination "JackRodgers won on time"]

1. c4 c5 2. g3 g6 3. Bg2 Bg7 4. Nc3 Nf6 5. a3 O-O 6. b4 d6 7. Nf3 a6 8. O-O Qc7 9. Qb3 Nc6 10. Bb2 Rb8 11. d3 Bg4 12. b5 Bxf3 13. exf3 Nd4 14.
Qd1 a5 15. Rb1 e6 16. a4 b6 17. Re1 Rfe8 18. Ne4 Nxe4 19. fxe4 e5 20. f4 exf4 21. gxf4 Qe7 22. Kh1 Qh4 23. Bxd4 Bxd4 24. Qf3 Bc3 25. Re2 Re7 26. Qg3 Qf6 27. Rf1 Rd8 28. Ref2 Bd4 29. Rf3 Qg7 30. h4 f6 31. Bh3 Rf8 32. Kg2 f5 33. exf5 Re2+ 34. Kh1 gxf5 35. Qxg7+ Kxg7 36. Rg3+ Kf6 37. Rg5 Ke6 38. Rf3 Re3 39. Kg2 Rxf3 40. Kxf3 Bc3 41. Rh5 Rf7 42. Rh6+ Bf6 43. Rh5 Bd4 44.
Rh6+ Ke7 45. Rh5 Ke6 46. Rh6+ Bf6 47. Rh5 Be7 48. Rh6+ Kd7 49. Rh5 Ke6 50. Rh6+ Rf6 51. Rxh7 Rf7 52. Rh6+ Rf6 53. Rh8 Rf7 54. h5 Kf6 55. Rb8 Rh7 56. Rxb6 Rxh5 57. Bg2 Rh8 58. Ra6 Bd8 59. Rxd6+ Ke7 60. Rd5 Ke6 61. Re5+ Kd6 62. Rxf5 Be7 63. Rd5+ Ke6 64. Kg3 Bh4+ 65. Kf3 Be7 66.
f5+ Kf6 67. Kf2 Rh4 68. Be4 Rf4+ 69. Kg3 Rf1 70. Rd7 Rg1+ 71. Kf2 Ra1 72. b6 Rxa4 73.
b7 Rb4 74. Rd5 a4 75. d4 a3 76. Rd7 a2 77. b8=Q Rxb8 78. Ra7 cxd4 79. Rxa2 Ke5 80. Kf3 Rb3+ 81. Kg4 Kxe4 82. Re2+ Re3 83. Ra2 d3 84. Ra8 Bc5 85. Re8+ Kd4 0-1

[Event "Late-Titled-Tuesday-Blitz-September-05-2023"]
[Site "Chess.com"]
[Date "2023.09.05"]
[Round "1"]
[White "Evandro_Barbosa"]
[Black "Jenia84"]
[Result "1/2-1/2"]
[WhiteElo "2627"]
[BlackElo "2340"]
[TimeControl "180+1"]
[EndTime "14:09:47 PDT"]
[Termination "Game drawn by repetition"]

1. e4 c5 2. Nf3 d6 3. Bb5+ Nd7 4. d4 cxd4 5. Qxd4 a6 6. Bxd7+ Bxd7 7. c4 Nf6 8. Bg5 h6 9. Bxf6 exf6 10. O-O g6 11.
Nc3 Be6 12. Rad1 Rc8 13. b3 Bg7 14. Qxd6 Qxd6 15. Rxd6 b5 16. Rxa6 bxc4 17. b4 f5 18. e5 O-O 19. Re1 Rfd8 20. h4 Rd3 21. Re3 f4 22. Rxd3 cxd3 23. Ne4 Bd5 24. Ned2 Rc2 25. Rd6 Bxa2 26. Rxd3 Bf8 27. Rd8 Kg7 28. Rb8 Rb2 29. b5 Bd5 30. b6 Bb4 31. Rd8 Bb7 32. Rd7 Bc6 33. Rc7 Bd5 34. b7 Bxd2 35. Nxd2 Rxb7 36.
Rc5 Rd7 37. Nb1 g5 38. hxg5 hxg5 39. Nc3 Bb7 40. f3 Kg6 41. Rb5 Kf5 42. e6+ Kxe6 43. Rxg5 f6 44. Rb5 Bc6 45. Rb4 Ke5 46. Kf2 Rd2+ 47.
Ne2 Bd5 48. Ke1 Ra2 49. Nxf4 Ra1+ 50. Kf2 Ra2+ 51. Kg3 Rd2 52. Ng6+ Kf5 53. Ne7+ Ke6 54. Ng6 f5 55. Nf4+ Kf7 56. Rb5 Be6 57. Rb7+ Bd7 58. Rb6 Ke7 59. Rh6 Kf7 60. Rh5 Kf6 61. Rh7 Rd4 62. Rh8 Rd2 63. Rd8 Ke7 64. Ra8 Kf6 65. Ra5 Ke7 66. Nd5+ Kf7 67. Nf4 Ke7 68. Rc5 Kf7 69.
Rc1 Ke7 70. Re1+ Kf6 71. Re3 Kf7 72. Ne2 Bb5 73. Nc3 Bf1 74. Kf4 Rxg2 75. Kxf5 Rc2 76.
Kf4 Bc4 77. Ne4 Bd5 78. Ng5+ Kf6 79. Nh7+ Kg7 80. Ng5 Kf6 81. Ne4+ Bxe4 82. Rxe4 Rc5 83. Ra4 Rc6 84. Kg4 Rb6 85. f4 Rc6 86. Ra5 Rb6 87.
Rh5 Kg6 88. Rg5+ Kf6 89. Rc5 Kg6 90. Rc1 Kf6 91. Rh1 Rb5 92. Rh6+ Kg7 93. Ra6 Kf7 94. f5 Rb1 95. Ra7+ Kf6 96. Ra6+ Kf7 97. Ra4 Kf6 98. Ra6+ Kf7 1/2-1/2

[Event "Late-Titled-Tuesday-Blitz-September-05-2023"]
[Site "Chess.com"]
[Date "2023.09.05"]
[Round "1"]
[White "Michalczak"]
[Black "miraitrunks"]
[Result "0-1"]
[WhiteElo "2502"]
[BlackElo "2080"]
[TimeControl "180+1"]
[EndTime "14:10:03 PDT"]
[Termination "miraitrunks won on time"]

1. e4 c5 2. c3 Nf6 3. e5 Nd5 4.
Nf3 e6 5. d4 Nc6 6. Bc4 Nb6 7.
Bb3 cxd4 8. cxd4 d6 9. O-O dxe5 10. dxe5 Qxd1 11. Rxd1 Bc5 12. Nc3 O-O 13. Ne4 Be7 14.
Be3 Nd7 15. Bf4 Nc5 16. Nxc5 Bxc5 17. Rac1 Bb6 18. Ba4 Rd8 19. Bg5 Rd5 20. Bb3 Rc5 21. h4 h6 22. Be3 Rxc1 23. Bxc1 Kf8 24. Ba4 Ke7 25. b3 Bd7 26. Ba3+ Ke8 27. Bd6 Rc8 28. Kf1 a6 29. Ke2 Ba5 30. b4 Bc7 31. a3 Nxe5 32. Bxe5 Bxa4 33. Rc1 Bc6 34. Bxg7 h5 35. Bf6 Bf4 36. Rd1 Bb5+ 37. Ke1 Ba4 38. Rb1 e5 39. Bxe5 Bh6 40. Ng5 Ke7 41. f4 f6 42. Bxf6+ Kxf6 43. Ne4+ Kf5 44. Nd6+ Kxf4 45. Nxc8 Kg3 46. Kf1 Bb5+ 47.
Kg1 Be3+ 48. Kh1 Kxh4 49. Rb3 Bf4 50. Rh3+ Kg4 51. Ne7 Bf1 52. Ng6 Bb8 53. Ne7 Bc4 54. Ng6 Bd3 55. Rh4+ Kg5 56. Rd4 Bxg6 57. Rd8 Ba7 58.
Rg8 Bd4 59. Kh2 Kf5 60. Rf8+ Kg5 61. Rg8 Kf5 62. Rf8+ Kg4 63. Rd8 Be5+ 64. Kg1 Bc7 65. Rd7 Bb6+ 66. Kh1 Be4 67. Re7 Bc6 68. Rg7+ Kf5 69.
Rh7 Kg5 70. Rg7+ Kf5 71. Rh7 Kg5 72. Re7 Kf6 73. Rh7 Kg6 74. Rh8 a5 75. bxa5 Bxa5 76.
Rg8+ Kf7 77. Rh8 Kg7 78. Ra8 Bb6 79. Rc8 Kg6 80. Kh2 Kg5 81. Rg8+ Kf6 82. Rf8+ Kg6 83.
Rg8+ Kf5 84. Rf8+ Ke6 85. Rh8 Bc7+ 86. Kg1 Bd6 87. Rh6+ Ke7 88. Rh7+ Ke6 89. Rh6+ Ke7 90. Rh7+ Ke6 91. Rxh5 Bxa3 92. g4 Bf3 93. Rh6+ Ke5 94. Rg6 Be4 95. Rg7 Bc5+ 96. Kh2 b6 97. Kg3 Bd6 0-1

[Event "Late-Titled-Tuesday-Blitz-September-05-2023"]
[Site "Chess.com"]
[Date "2023.09.05"]
[Round "1"]
[White "wild3000"]
[Black "KChor05TTV"]
[Result "1-0"]
[WhiteElo "2333"]
[BlackElo "2601"]
[TimeControl "180+1"]
[EndTime "14:10:24 PDT"]
[Termination "wild3000 won by checkmate"]

1. a3 Nf6 2. b4 g6 3. Bb2 Bg7 4. Nf3 d6 5. d4 O-O 6. e3 b6 7. Be2 Bb7 8. O-O Ne4 9. c4 Nd7 10. Nc3 e5 11. Nxe4 Bxe4 12. Nd2 Bb7 13. Rc1 Qe7 14. Bf3 e4 15. Be2 f5 16. Qb3 Kh8 17. g3 g5 18. c5 bxc5 19. dxc5 Ne5 20. Bxe5 dxe5 21. Rfd1 Rae8 22. b5 Bc8 23. Nc4 f4 24.
Na5 Qf6 25. Rf1 Bh3 26. Nc6 Bxf1 27. Rxf1 f3 28. Bc4 Qf5 29. Rd1 Rf6 30. Bf1 h5 31. Rd8 Rxd8 32. Nxd8 h4 33. Qd5 hxg3 34. hxg3 Bf8 35.
Bc4 Qh7 36. Qxe5 Be7 37. Nf7+ Kg7 38. Qxe7 Qh3 39. Bf1 Qe6 40. Qxe6 Rxe6 41. Nxg5 Re5 42. Nh3 Rxc5 43. a4 Rc1 44. Ng5 Ra1 45. Nxe4 Rxa4 46.
Ng5 Ra1 47. Ne6+ Kf6 48. Nxc7 Ke5 49. Ne8 Rb1 50. Ng7 Kf6 51. Nh5+ Ke5 52. Nf4 Kd6 53.
Nh3 Kc5 54. Ng5 Kb6 55. Nxf3 Kc5 56. Nd4 Kd6 57. Kg2 Ke5 58. Bd3 Rd1 59. Be2 Rc1 60. Kf3 Kf6 61. g4 Rc5 62. Bd3 Rc3 63. Ke2 Ra3 64.
f4 Ra2+ 65. Kf3 Ra1 66. g5+ Kf7 67. Be4 Rf1+ 68. Kg4 Re1 69. Kf3 Rf1+ 70. Ke2 Rg1 71. Bc6 Kg6 72. Kd3 Rd1+ 73. Ke4 Rc1 74. Nf3 Kg7 75. Ne5 Rc5 76. Kf5 Rc3 77. e4 Ra3 78.
Ng4 a6 79. bxa6 Rxa6 80. Bd5 Ra5 81. Ne5 Ra7 82. Nf3 Rc7 83. Kg4 Rc3 84. f5 Rc7 85. f6+ Kh8 86. Kf5 Rc3 87. Ne5 Rg3 88. Ng6+ Kh7 89. f7 Rf3+ 90. Ke6 Kxg6 91. Ke7 Kg7 92. g6 Rf6 93. e5 Rf5 94. Ke6 Kxg6 95. Be4 Kg7 96. Bxf5 Kf8 97. Be4 Kg7 98. Ke7 Kh6 99.
f8=Q+ Kg5 100. Qf5+ Kh4 101. Qg6 Kh3 102. Kf6 Kh4 103. Kf5 Kh3 104. Kf4 Kh2 105. Qg3# 1-0

[Event "Late-Titled-Tuesday-Blitz-September-05-2023"]
[Site "Chess.com"]
[Date "2023.09.05"]
[Round "2"]
[White "Hilary46"]
[Black "buenamor1972"]
[Result "1/2-1/2"]
[WhiteElo "2575"]
[BlackElo "2350"]
[TimeControl "180+1"]
[EndTime "14:12:07 PDT"]
[Termination "Game drawn by repetition"]

1. e4 e5 2. Nf3 Nc6 3. Bb5 a6 4.
Ba4 Nf6 5. O-O Be7 6. Re1 b5 7. Bb3 d6 8. c3 O-O 9. h3 Na5 10. Bc2 c5 11. d4 Nd7 12. Nbd2 exd4 13. cxd4 Nc6 14. a4 Rb8 15. d5 Nce5 16. Nxe5 Nxe5 17. f4 Ng6 18. Nf3 Bh4 19. Nxh4 Qxh4 20. Rf1 Bxh3 21.
gxh3 Qg3+ 22. Kh1 Qxh3+ 23. Kg1 Qg3+ 24. Kh1 Qh3+ 25. Kg1 Qg3+ 26. Kh1 Qh3+ 1/2-1/2

[Event "Late-Titled-Tuesday-Blitz-September-05-2023"]
[Site "Chess.com"]
[Date "2023.09.05"]
[Round "2"]
[White "IMGC"]
[Black "JesseFebruary"]
[Result "1-0"]
[WhiteElo "2403"]
[BlackElo "1946"]
[TimeControl "180+1"]
[EndTime "14:12:14 PDT"]
[Termination "IMGC won by resignation"]

1. Nf3 d5 2. g3 c5 3. Bg2 Nc6 4. O-O g6 5. d3 Bg7 6. Nbd2 Bg4 7. e4 d4 8. h3 Bd7 9. a4 e5 10. Nc4 Rb8 11. Nd6+ Ke7 12. Nc4 f6 13. Nh2 Nh6 14. f4 Re8 15. fxe5 Nxe5 16. Nxe5 fxe5 17. Bg5+ 1-0

[Event "Late-Titled-Tuesday-Blitz-September-05-2023"]
[Site "Chess.com"]
[Date "2023.09.05"]
[Round "2"]
[White "Amirreza_p"]
[Black "Rud_Makarian"]
[Result "0-1"]
[WhiteElo "2573"]
[BlackElo "2950"]
[TimeControl "180+1"]
[EndTime "14:12:51 PDT"]
[Termination "Rud_Makarian won by resignation"]

1. e4 c5 2. c3 d5 3. exd5 Nf6 4. Bb5+ Nbd7 5. d4 a6 6. Be2 Nxd5 7. Nf3 e6 8. O-O b5 9. a4 b4 10. c4 N5f6 11. b3 Bb7 12. Bb2 Be7 13. Nbd2 O-O 14.
Re1 Qc7 15. Nf1 Rad8 16. Ng3 h6 17. Qc2 cxd4 18. Bxd4 Nc5 19. Rad1 a5 20. Ne5 Rxd4 21. Rxd4 Qxe5 22. Qd2 Nxb3 0-1

[Event "Late-Titled-Tuesday-Blitz-September-05-2023"]
[Site "Chess.com"]
[Date "2023.09.05"]
[Round "2"]
[White "zeitnot2006"]
[Black "alertakobra"]
[Result "1-0"]
[WhiteElo "2756"]
[BlackElo "2380"]
[TimeControl "180+1"]
[EndTime "14:13:05 PDT"]
[Termination "zeitnot2006 won by resignation"]

1. e4 c5 2. Nf3 Nc6 3. g3 g6 4. Bg2 Bg7 5. O-O e6 6. c3 Nge7 7. d4 cxd4 8. cxd4 d5 9. e5 O-O 10. Nc3 a6 11. Bg5 h6 12. Bf4 Nf5 13. h4 b5 14. a3 Qb6 15. Ne2 a5 16. g4 Nfe7 17. Qd2 Kh7 18. h5 Ba6 19. g5 Nf5 20. gxh6 Bxh6 21. Bxh6 Nxh6 22. hxg6+ fxg6 23. Ng5+ 1-0

[Event "Late-Titled-Tuesday-Blitz-September-05-2023"]
[Site "Chess.com"]
[Date "2023.09.05"]
[Round "2"]
[White "GrigorGrigorov"]
[Black "szachuspl"]
[Result "1-0"]
[WhiteElo "2873"]
[BlackElo "2540"]
[TimeControl "180+1"]
[EndTime "14:13:16 PDT"]
[Termination "GrigorGrigorov won by resignation"]

1. d4 Nf6 2. Nf3 g6 3. Bg5 Bg7 4. Nbd2 h6 5. Bh4 d6 6. c3 O-O 7.
e4 g5 8. Bg3 Nh5 9. Bd3 Nxg3 10.
hxg3 e6 11. Qe2 Nd7 12. Nc4 b6 13. Ne3 e5 14. Nf5 Qf6 15. Nh2 Qg6 16. Ng4 Re8 17. Ngxh6+ Kf8 18. Nxg7 Qxg7 19. Nf5 Qf6 20. Rh6 1-0

[Event "Late-Titled-Tuesday-Blitz-September-05-2023"]
[Site "Chess.com"]
[Date "2023.09.05"]
[Round "2"]
[White "acertijo08"]
[Black "ErikRonka"]
[Result "0-1"]
[WhiteElo "2286"]
[BlackElo "2492"]
[TimeControl "180+1"]
[EndTime "14:13:17 PDT"]
[Termination "ErikRonka won by resignation"]

1. e4 c5 2. Nf3 e6 3. d4 cxd4 4. Nxd4 Nf6 5. Nc3 d6 6. g4 h6 7. h4 Nc6 8. Rg1 d5 9. Bb5 Bd7 10. exd5 Nxd5 11. Nxd5 exd5 12. g5 hxg5 13. hxg5 Rh4 14.
Qe2+ Re4 15. Be3 Nxd4 16. Bxd7+ Qxd7 0-1

[Event "Late-Titled-Tuesday-Blitz-September-05-2023"]
[Site "Chess.com"]
[Date "2023.09.05"]
[Round "2"]
[White "Matibar"]
[Black "Emeraldddd"]
[Result "1-0"]
[WhiteElo "2887"]
[BlackElo "2548"]
[TimeControl "180+1"]
[EndTime "14:13:33 PDT"]
[Termination "Matibar won by resignation"]

1. e4 c5 2. Nf3 e6 3. g3 a6 4. Bg2 b5 5. d4 cxd4 6. Nxd4 Bb7 7. O-O Nf6 8. Re1 d6 9. a4 bxa4 10. Rxa4 Nbd7 11. Rb4 Qc7 12. Rxb7 Qxb7 13. e5 d5 14. exf6 Nxf6 15. Nc3 Be7 16. Nxd5 Nxd5 17. c4 O-O 18.
cxd5 Rad8 19. Nc6 Rd7 20. Nxe7+ Rxe7 21. d6 1-0

[Event "Late-Titled-Tuesday-Blitz-September-05-2023"]
[Site "Chess.com"]
[Date "2023.09.05"]
[Round "2"]
[White "Payyappat"]
[Black "Chemim21"]
[Result "1-0"]
[WhiteElo "2482"]
[BlackElo "2268"]
[TimeControl "180+1"]
[EndTime "14:13:36 PDT"]
[Termination "Payyappat won by resignation"]

1. e4 e6 2. d4 d5 3. Nc3 Bb4 4. e5 c5 5. a3 Bxc3+ 6. bxc3 Qc7 7. Qg4 Nc6 8. Qxg7 Nce7 9. Qxh8 cxd4 10. Bd2 dxc3 11.
Bg5 Kd7 12. Nf3 h6 13. Bh4 b6 14. Bb5+ Nc6 15. Qxg8 1-0

[Event "Late-Titled-Tuesday-Blitz-September-05-2023"]
[Site "Chess.com"]
[Date "2023.09.05"]
[Round "2"]
[White "PNEPaul"]
[Black "Sulthankan"]
[Result "0-1"]
[WhiteElo "1884"]
[BlackElo "2403"]
[TimeControl "180+1"]
[EndTime "14:13:36 PDT"]
[Termination "Sulthankan won by resignation"]

1. e4 c5 2. Nf3 d6 3. d4 cxd4 4. c3 Nf6 5. Bd3 g6 6. Bf4 Bg7 7. Qe2 O-O 8. cxd4 Bg4 9. h3 Bxf3 10. Qxf3 Nc6 11. Be3 Nd7 12. O-O Nxd4 13. Bxd4 Bxd4 14. Nc3 Ne5 15. Qg3 Bxc3 16. bxc3 Rc8 17. Rac1 Qb6 18. Bb1 Qb2 19. Kh2 Rc5 20. f4 Nd7 21. Qg5 Rxg5 0-1

[Event "Late-Titled-Tuesday-Blitz-September-05-2023"]
[Site "Chess.com"]
[Date "2023.09.05"]
[Round "2"]
[White "delqate"]
[Black "BeanScreen"]
[Result "0-1"]
[WhiteElo "2375"]
[BlackElo "2702"]
[TimeControl "180+1"]
[EndTime "14:13:52 PDT"]
[Termination "BeanScreen won by resignation"]

1. d4 d5 2. Nf3 e6 3. Bg5 Be7 4.
Bxe7 Qxe7 5. c4 Nf6 6. e3 O-O 7. Nc3 Nbd7 8. cxd5 exd5 9. Bd3 b6 10. O-O Bb7 11. Re1 Ne4 12. Nd2 f5 13. Bxe4 fxe4 14. Qb3 Qf7 15. Rac1 Qxf2+ 16. Kh1 Qxd2 17. Nxd5 Kh8 18.
Nxc7 Rac8 19. Rcd1 Qa5 20. Ne6 Bd5 0-1

[Event "Late-Titled-Tuesday-Blitz-September-05-2023"]
[Site "Chess.com"]
[Date "2023.09.05"]
[Round "2"]
[White "only_strong_moves"]
[Black "kingofthenil"]
[Result "0-1"]
[WhiteElo "2522"]
[BlackElo "2774"]
[TimeControl "180+1"]
[EndTime "14:13:54 PDT"]
[Termination "kingofthenil won by checkmate"]

1. d4 d5 2. Nc3 Nf6 3. Bf4 a6 4.
e3 Bf5 5. Nf3 Bg4 6. Be2 Bxf3 7.
Bxf3 e6 8. O-O Bb4 9. Ne2 O-O 10. Ng3 h6 11. Qe2 Bd6 12. Bxd6 Qxd6 13. c4 Nbd7 14. Rac1 c6 15. cxd5 exd5 16. Qd3 g6 17. Be2 h5 18. h4 Rfe8 19. Rfe1 Re7 20. Bf1 Rae8 21. f4 Ng4 22. e4 dxe4 23. Rxe4 Rxe4 24. Nxe4 Qxf4 25. Re1 Qh2# 0-1

[Event "Late-Titled-Tuesday-Blitz-September-05-2023"]
[Site "Chess.com"]
[Date "2023.09.05"]
[Round "2"]
[White "DeArron_Fox"]
[Black "RebecaJimnz"]
[Result "1-0"]
[WhiteElo "2469"]
[BlackElo "2245"]
[TimeControl "180+1"]
[EndTime "14:13:57 PDT"]
[Termination "DeArron_Fox won by resignation"]

1. d4 d5 2. c4 c6 3. Nc3 e6 4. e3 Nf6 5. Nf3 Nbd7 6. Qc2 Be7 7. Bd3 dxc4 8. Bxc4 b5 9. Bd3 a6 10. e4 O-O 11. e5 Nd5 12. Bxh7+ Kh8 13. h4 Bb7 14. Ng5 c5 15. Bg8 g6 16. Bxf7 1-0

[Event "Late-Titled-Tuesday-Blitz-September-05-2023"]
[Site "Chess.com"]
[Date "2023.09.05"]
[Round "2"]
[White "Casablanca"]
[Black "Verony64"]
[Result "1-0"]
[WhiteElo "2639"]
[BlackElo "2278"]
[TimeControl "180+1"]
[EndTime "14:14:09 PDT"]
[Termination "Casablanca won by resignation"]

1. d4 d6 2. c4 c6 3. e4 Nd7 4. Nc3 e5 5. Nge2 g6 6. Be3 Bg7 7. g3 Ne7 8. Bg2 O-O 9. O-O h6 10. Qd2 Kh7 11. Rad1 Qe8 12. f4 f5 13. fxe5 dxe5 14.
d5 cxd5 15. cxd5 g5 16. exf5 Kh8 17. g4 Nf6 18. h3 e4 19. Ng3 Bd7 20. Ngxe4 Nexd5 21. Nxd5 Nxe4 22. Bxe4 Qxe4 23. f6 Bxf6 24. Nxf6 Rxf6 25.
Qd4 1-0

[Event "Late-Titled-Tuesday-Blitz-September-05-2023"]
[Site "Chess.com"]
[Date "2023.09.05"]
[Round "2"]
[White "ArtemDyachuk"]
[Black "KVAIDAN"]
[Result "1-0"]
[WhiteElo "2556"]
[BlackElo "2236"]
[TimeControl "180+1"]
[EndTime "14:14:25 PDT"]
[Termination "ArtemDyachuk won by checkmate"]

1. d4 e6 2. e4 f5 3. exf5 exf5 4. Bd3 d5 5. Nf3 Nf6 6. O-O Be7 7. c4 c6 8. Nc3 O-O 9. Re1 Ne4 10. cxd5 cxd5 11. Qb3 Nxc3 12. bxc3 Nc6 13. Ba3 Bxa3 14. Qxa3 b6 15.
Bb5 Bb7 16. h4 a6 17. Bxc6 Bxc6 18. Re6 Qc8 19. Rae1 Bb5 20. Re7 Qc4 21. Qd6 Qxc3 22. Qxd5+ Kh8 23. Ng5 h6 24. Qe5 Rae8 25. Qxg7# 1-0